 Dungeon Crawl Stone Soup version 0.27-a0-1065-ge809cff456 (webtiles) character file.

Game seed: 12495093730196151434

337664 robertstho the Phalangite (level 21, -1/192 HPs)
             Began as a Merfolk Berserker on Apr 22, 2021.
             Was a High Priest of Trog.
             Slain by a vault warden
             ... wielding a +1 halberd of flaming
              (14 damage)
             ... on level 3 of the Vaults on Apr 23, 2021.
             The game lasted 01:48:12 (66594 turns).

robertstho the Phalangite (Merfolk Berserker)      Turns: 66594, Time: 01:48:14

Health: -1/192     AC: 26    Str: 27    XL:     21   Next: 92%
Magic:  0/40       EV: 12    Int: 18    God:    Trog [*****.]
Gold:   4727       SH:  8    Dex: 13    Spells: 20/20 levels left

rFire    + . .     SeeInvis .   W - +5 glaive of Zarit {vorpal, Contam rN+++ rCorr Int+6 Stlth-}
rCold    + + +     Faith    .   (shield currently unavailable)
rNeg     + + +     Spirit   +   S - +0 storm dragon scales
rPois    +         Reflect  .   L - +3 hat of Pondering {ponderous, Will+ MP+10 Int+5}
rElec    +         Harm     .   N - scarf {repulsion}
rCorr    +         Rampage  .   T - +2 pair of gloves {Stlth+}
Will     +++++     NoCast   +   m - +1 pair of boots of Oblivion {-Cast rPois rC+ Will++}
Stlth    ++++......             E - brooch of Shielding {Spirit SH+8}
HPRegen  1.42/turn              o - ring of Tension {+Blink rC++ MP+9 Str+3}
MPRegen  0.27/turn              a - ring "Teesoh Caewn" {rPois rF+ rC+ Str-3 Stlth+}

@: on berserk cooldown, very slightly contaminated, regenerating, invisible,
repel missiles, slow
A: (nimble swimmer 2), mertail
}: 2/15 runes: barnacled, gossamer
a: Renounce Religion, Evoke Blink, Berserk, Trog's Hand, Brothers in Arms


You were on level 3 of the Vaults.
You worshipped Trog.
Trog was extremely pleased with you.
You visited 7 branches of the dungeon, and saw 37 of its levels.
You also visited: Sewer, Gauntlet and Ice Cave.

You collected 7506 gold pieces.
You spent 2779 gold pieces at shops.

Inventory:

Hand Weapons
 z - the +11 halberd "Buoxuo" {vorpal, Dex+7}
   (Trog gifted it to you on level 4 of the Spider Nest)

   It inflicts extra damage upon your enemies.
   It affects your dexterity (+7).
 H - the +10 trident "Merfolk's Bane" {freeze, rF+}
   (You took it off a deep elf sorcerer on level 3 of the Elven Halls)

   It has been specially enchanted to freeze those struck by it, causing extra
   injury to most foes and up to half again as much damage against particularly
   susceptible opponents.
   It can also slow down cold-blooded creatures.
   It protects you from fire.
 W - the +5 glaive of Zarit (weapon) {vorpal, Contam rN+++ rCorr Int+6 Stlth-}
   (You bought it in a shop on level 2 of the Orcish Mines)

   It inflicts extra damage upon your enemies.
   It affects your intelligence (+6).
   It renders you almost immune to negative energy.
   It causes magical contamination when unequipped.
   It protects you from acid and corrosion.
   It makes you less stealthy.
 Z - a +3 demon trident of electrocution
Missiles
 b - 6 boomerangs of dispersal
 j - 7 throwing nets
Armour
 l - a +1 ring mail of fire resistance
 m - the +1 pair of boots of Oblivion (worn) {-Cast rPois rC+ Will++}
   (You acquired it on level 4 of the Lair of Beasts)

   It protects you from cold.
   It protects you from poison.
   It prevents spellcasting.
   It greatly increases your willpower.
 r - a scarf of invisibility
 L - the +3 hat of Pondering (worn) {ponderous, Will+ MP+10 Int+5}
   (You found it on level 4 of the Shoals)

   It affects your intelligence (+5).
   It affects your magic capacity (+10).
   It increases your willpower.
 N - a scarf of repulsion (worn)
 Q - a +2 scale mail of cold resistance
 R - the +9 plate armour of Nuimues {MP+9 Int+4}
   (You found it on level 3 of the Elven Halls)

   It affects your intelligence (+4).
   It affects your magic capacity (+9).
 S - +0 storm dragon scales (worn)
 T - a +2 pair of gloves of stealth (worn)
Jewellery
 a - the ring "Teesoh Caewn" (right hand) {rPois rF+ rC+ Str-3 Stlth+}
   (You took it off a deep elf archer on level 3 of the Elven Halls)

   [ring of protection from fire]

   It affects your strength (-3).
   It protects you from fire.
   It protects you from cold.
   It protects you from poison.
   It makes you more stealthy.
 f - a ring of resist corrosion
 k - a ring of protection from fire
 o - the ring of Tension (left hand) {+Blink rC++ MP+9 Str+3}
   (You found it on level 4 of the Dungeon)

   [ring of magical power]

   It affects your strength (+3).
   It greatly protects you from cold.
   It affects your magic capacity (+9).
   It lets you blink.
 A - a ring of positive energy
 D - a +4 ring of protection
 E - the brooch of Shielding (around neck) {Spirit SH+8}
   (You bought it in a shop on level 1 of the Elven Halls)

   [amulet of guardian spirit]

   It causes incoming damage to be divided between your reserves of health and
   magic.
   It affects your SH (+8).
 X - an amulet of regeneration
Wands
 g - a wand of iceblast (3)
 B - a wand of acid (23)
 C - a wand of mindburst (28)
 O - a wand of digging (27)
Scrolls
 d - 3 scrolls of magic mapping
 e - 7 scrolls of blinking
 i - 7 scrolls of holy word
 s - 8 scrolls of enchant armour
 t - 12 scrolls of identify
 v - 8 scrolls of fog
 w - 2 scrolls of silence
 y - 3 scrolls of immolation
 F - 2 scrolls of brand weapon
 P - 3 scrolls of summoning
 V - 10 scrolls of teleportation
Potions
 c - 5 potions of haste
 h - 4 potions of mutation
 n - 6 potions of magic
 p - 5 potions of attraction
 q - 7 potions of flight
 x - 7 potions of ambrosia
 I - 7 potions of curing
 K - a potion of might
 U - 3 potions of cancellation
Miscellaneous
 u - a phantom mirror (inert)
 J - a condenser vane


   Skills:
 * Level 23.2 Fighting
 + Level 23.2 Polearms
 * Level 15.8 Armour
 + Level 8.5 Dodging
 * Level 17.1 Stealth
 + Level 8.7 Shields
 + Level 2.0 Evocations


You had 20 spell levels left.
You didn't know any spells.
Your spell library was empty.

Dungeon Overview and Level Annotations

Branches:
Dungeon (15/15)            Temple (0/1) D:4            Lair (6/6) D:9
 Shoals (4/4) Lair:3       Spider (4/4) Lair:4        Slime (0/5) Lair:5
    Orc (2/2) D:11            Elf (3/3) Orc:2        Vaults (3/5) D:14
  Crypt (0/3) Vaults:2     Depths (0/5) D:15          Sewer (visited)
  IceCv (visited)         Gauntlet (visited)

Altars:
Ashenzari
Gozag
Kikubaaqudgha
Nemelex Xobeh
Sif Muna
Trog
Vehumet
Wu Jian
Xom
Yredelemnul
Beogh

Shops:
D:1 !*   D:3 (   Orc:1 *   Orc:2 ?([(   Elf:1 :==   Elf:3 =   Shoals:2 =
Vaults:2 (

Annotations:
D:1 Good shop
D:4 1 runed translucent door, Zonian's ghost, amateur DrIE


Innate Abilities, Weirdness & Mutations

((You are quick and stealthy near water. (Stealth+, EV+, Speed+++)))
Your lower body shifts to a powerful aquatic tail in water.


Message History

Your ogre closely misses the deep troll.
The vault warden hits you but does no damage.
You block the deep troll's attack. The deep troll claws you.
* * * LOW HITPOINT WARNING * * *
The deep troll claws you but does no damage.
You are very lightly contaminated with residual magic.
You feel better.
You feel yourself speed up.
Your ogre barely misses the deep troll.
The vault warden hits you but does no damage.
The deep troll bites you.
* * * LOW HITPOINT WARNING * * *
You block the deep troll's attack.
The deep troll claws you but does no damage.
Your ogre hits the deep troll with a +0 giant club.
Aiming: Phantom Mirror
Press: ? - help, Dir - move target, f - deep troll
Aim: a deep troll (heavily wounded, ally target)
You reflect the deep troll with the mirror!
The mirror clouds!
The vault warden hits you but does no damage.
Your deep troll bites the deep troll!
Your deep troll claws the deep troll. x2
The deep troll barely misses your deep troll.
The deep troll closely misses your deep troll.
The deep troll barely misses your deep troll.
Your ogre hits the deep troll with a +0 giant club!!
The deep troll dies!
Trog accepts your kill. What are your orders? t - Shout!
Orders for allies: a - Attack new target. r - Retreat! s - Stop attacking. g - Guard the area. f - Follow me.
Anything else - Cancel.
Gang up on whom?
Press: ? - help, Dir - move target, f - vault warden
Aim: a vault warden, wielding a +1 halberd of flaming and wearing a +0 chain mail Attack!
The vault warden hits you from afar with a +1 halberd of flaming!
You die...

######## #......#
#########
#####...####...#@TO#
..###..###.#...##.#+
...##..##..#...#.#p#
.<..#......####+#[##
....'......'.#.#.#.#
...##+###..'..#.#T#p#
..## ##.#.#p#$#.#.#
### ######+#.#### #.#


You could see a vault warden (ally target), a friendly deep troll (summoned,
drained) and a friendly ogre (summoned, berserk).

Vanquished Creatures
  The ghost of Sobieck the Sorcerer, a veteran DjCj of Makhleb (Shoals:3)
  Nikola (Elf:2)
  Jorgrun (Orc:2)
  A deep elf blademaster (Elf:2)
  An eldritch tentacle (Shoals:3)
  Polyphemus (Shoals:2)
  Agnes (Elf:1)
  Kirke (Shoals:2)
  Frances (Spider:1)
  Roxanne (Elf:1)
  2 storm dragons
  A tengu reaver (D:11)
  Ilsuiw (Shoals:4)
  4 ghost moths
  6 deep elf sorcerers
  Aizul (Spider:1)
  A frost giant (Shoals:4)
  6 vault wardens
  3 deep elf elementalists (Elf:2)
  2 emperor scorpions (Spider:4)
  2 orc warlords (Orc:2)
  6 ironbound preservers
  2 stone giants (D:11)
  4 dire elephants
  The ghost of Cactuslol the Severer, a journeyman HOFi of Elyvilon (Spider:1)
  3 entropy weavers
  5 deep elf demonologists (Elf:3)
  7 deep elf annihilators
  A minotaur (Gauntlet)
  2 spark wasps
  An ettin (D:11)
  An eidolon (Vaults:2)
  6 merfolk javelineers
  A great orb of eyes (Vaults:2)
  4 merfolk impalers
  2 deep elf death magi (Elf:3)
  A fire dragon (Lair:6)
  A rakshasa (D:15)
  5 yaktaur captains
  6 deep elf high priests
  6 boulder beetles
  A peacekeeper (Vaults:3)
  A catoblepas (Shoals:2)
  An ironbound thunderhulk (Vaults:2)
  12 hydras
  Erolcha (Orc:2)
  An ogre mage (D:11)
  15 centaur warriors
  3 ironbound frosthearts
  2 merfolk avatars (Shoals:4)
  33 dancing weapons
  3 merfolk aquamancers (Shoals:4)
  2 two-headed ogres
  Erica (D:10)
  8 death yaks
  A satyr (Shoals:2)
  4 death knights
  2 tengu warriors
  5 alligator snapping turtles
  3 orc high priests
  4 ironbound beastmasters
  Urug (Lair:3)
  11 deep elf knights
  A skeletal warrior (D:15)
  22 deep trolls
  A death drake (Gauntlet)
  A swamp dragon (Lair:6)
  10 sea snakes
  2 spectral wolf spiders
  2 orc knights
  2 phantasmal warriors
  11 deep elf archers
  7 ironbound convokers
  4 lindwurms
  27 harpies
  2 wizards
  7 orc sorcerers
  22 deep elf pyromancers
  A necromancer (Vaults:1)
  25 ugly things
  3 oklob plants (Lair:3)
  18 deep elf zephyrmancers
  29 wolf spiders
  17 orb spiders
  11 manticores
  6 cyclopes
  23 elephants
  3 moths of wrath
  7 black mambas
  9 fauns (Shoals:2)
  A rust devil (Gauntlet)
  A guardian serpent (Lair:6)
  10 merfolk sirens
  An ice statue (IceCv)
  4 torpor snails
  A water nymph (shapeshifter) (D:11)
  6 water nymphs
  A smoke demon (Gauntlet)
  8 vault sentinels
  Maurice (Orc:1)
  A molten gargoyle (Lair:1)
  A gargoyle (D:13)
  14 cane toads
  9 komodo dragons
  3 rime drakes
  20 demonic crawlers
  6 tengu conjurers
  2 freezing wraiths
  22 yaktaurs
  4 polar bears
  8 trolls
  6 meliai
  29 merfolk
  43 jumping spiders
  6 wind drakes
  A hornet (shapeshifter) (Elf:3)
  2 wolf spider simulacra (Spider:1)
  16 blink frogs
  14 hornets
  A spectral jumping spider (Spider:1)
  31 slime creatures
  8 dream sheep
  7 snapping turtles
  13 wyverns
  Sigmund (D:2)
  5 air elementals
  A ynoxinul (Gauntlet)
  A shadow (D:10)
  68 redbacks
  Grum (D:9)
  21 tarantellas
  6 wraiths
  2 vampires
  4 fire elementals
  5 water elementals
  35 yaks
  5 basilisks
  3 steam dragons
  A redback simulacrum (Spider:1)
  5 vampire mosquitoes
  6 wargs (Orc:2)
  25 water moccasins
  5 acid dragons
  3 swamp drakes
  6 black bears
  A sky beast (D:8)
  A jumping spider simulacrum (Spider:1)
  34 orc warriors
  Purgy (Sewer)
  7 ice beasts
  3 ogres
  2 tarantella simulacra (Spider:1)
  A black bear (shapeshifter) (D:15)
  A necrophage (D:7)
  19 centaurs
  12 wolves
  2 phantoms
  2 kobold brigands (D:10)
  2 gnoll sergeants
  10 bullfrogs
  2 scorpions (D:9)
  4 earth elementals
  2 orb spider simulacra (Spider:1)
  A water moccasin skeleton (D:5)
  3 killer bees (D:11)
  4 wights (D:8)
  5 electric eels
  4 howler monkeys
  2 vampire bats (D:6)
  4 crimson imps (Gauntlet)
  11 centaur zombies
  A hound (D:6)
  3 jellies
  17 orc priests
  2 iron imps (Gauntlet)
  5 iguanas
  20 orc wizards
  A hound zombie (D:5)
  A hound skeleton (D:5)
  3 howler monkey zombies
  12 gnolls
  11 adders
  2 river rats (D:3)
  13 white imps
  An ufetubus (D:5)
  An adder skeleton (D:4)
  6 worms
  3 dart slugs
  95 orcs
  4 bats
  2 bat skeletons (D:6)
  4 bat zombies (D:6)
  8 endoplasms
  A giant cockroach (Sewer)
  3 goblins
  7 hobgoblins
  13 jackals
  6 quokkas
  4 ball pythons
  2 frilled lizards
  13 kobolds
  7 rats
  A plant (Shoals:2)
  2 tentacles (Shoals:2)
1416 creatures vanquished.

Vanquished Creatures (collateral kills)
  An emperor scorpion (Spider:4)
  A deep elf demonologist (Elf:3)
  An ironbound preserver (Vaults:3)
  A stone giant (D:9)
  A boulder beetle (Lair:1)
  A hydra (Lair:3)
  2 dancing weapons (Elf:2)
  A deep elf knight (Elf:2)
  A deep troll (Vaults:3)
  A glowing orange brain (D:9)
  A deep elf pyromancer (Elf:3)
  8 orb spiders
  2 wolf spiders (Spider:4)
  A faun (Shoals:2)
  An ugly thing (IceCv)
  A merfolk siren (Shoals:2)
  3 elephants (Lair:6)
  A black mamba (Lair:6)
  An ice statue (IceCv)
  A komodo dragon (Lair:3)
  A polar bear (Lair:1)
  A demonic crawler (Spider:4)
  A hornet (Spider:4)
  A merfolk (Shoals:2)
  5 jumping spiders (Spider:4)
  5 dream sheep (Lair:6)
  6 redbacks (Spider:4)
  3 yaks (Lair:6)
  A water elemental (Elf:1)
  A basilisk (D:9)
  2 water moccasins (Lair:6)
  5 orc warriors
  An ice beast (IceCv)
  3 wolves (Lair:6)
  A centaur (D:8)
  A wyvern zombie (D:8)
  A killer bee (D:8)
  An orc priest (D:8)
  2 white imps (Lair:1)
  4 orcs
77 creatures vanquished.

Vanquished Creatures (others)
  An emperor scorpion (Spider:4)
  A wizard (Vaults:2)
  A deep elf zephyrmancer (Elf:3)
  A hornet (Spider:4)
  2 jumping spiders (Spider:4)
  A wyvern (D:9)
  5 humans (Shoals:2)
  An orc warrior (D:10)
  An electric eel (D:15)
  An orc wizard (Orc:2)
  2 bushes
  15 demonic plants (Gauntlet)
  106 fungi
  219 plants
  4 tentacles (Shoals:2)
361 creatures vanquished.

Grand Total: 1854 creatures vanquished

Notes
Turn   | Place    | Note
-------+----------+-------------------------------------------
     0 | D:1      | robertstho the Merfolk Berserker began the quest for the
                  | Orb.
     0 | D:1      | Reached XP level 1. HP: 18/18 MP: 1/1
    83 | D:1      | Found Weacahij's General Store.
   117 | D:1      | Found Vyak's Distillery.
   285 | D:1      | Reached XP level 2. HP: 21/24 MP: 2/2
   766 | D:1      | Reached skill level 1 in Stealth
   789 | D:1      | Found a faded altar of an unknown god.
   934 | D:1      | Bought a potion of curing for 39 gold pieces
  1119 | D:2      | Reached skill level 5 in Polearms
  1119 | D:2      | Reached XP level 3. HP: 30/30 MP: 3/3
  1360 | D:2      | Reached XP level 4. HP: 37/37 MP: 4/4
  1656 | D:2      | Found a shimmering altar of Xom.
  1663 | D:2      | Reached ** piety under Trog
  1935 | D:2      | Noticed Sigmund
  1953 | D:2      | Killed Sigmund
  1954 | D:2      | Reached skill level 5 in Fighting
  1954 | D:2      | Reached XP level 5. HP: 35/44 MP: 5/5
  1954 | D:2      | Reached XP level 6. HP: 40/51 MP: 6/6
  2616 | D:1      | Bought a potion of degeneration for 13 gold pieces
  2835 | D:3      | Found a glowing drain.
  2841 | Sewer    | Entered a sewer
  3064 | Sewer    | Noticed Purgy
  3077 | Sewer    | Killed Purgy
  3286 | D:3      | Found an opulent altar of Gozag.
  3366 | D:3      | Reached XP level 7. HP: 35/56 MP: 7/7
  3566 | D:3      | Found Yniziu's Weapon Shop.
  4055 | D:4      | Found a staircase to the Ecumenical Temple.
  4077 | D:4      | Found a runed translucent door.
  4079 | D:4      | Noticed Zonian's ghost (amateur DrIE)
  4705 | D:4      | Reached *** piety under Trog
  4894 | D:4      | Identified the ring of Tension {+Blink rC++ MP+9 Str+3}
  5186 | D:5      | Entered Level 5 of the Dungeon
  5507 | D:5      | Reached XP level 8. HP: 50/64 MP: 8/8
  5673 | D:5      | Found a basalt altar of Yredelemnul.
  6180 | D:6      | Reached skill level 5 in Stealth
  6249 | D:6      | Reached XP level 9. HP: 34/72 MP: 9/9
  6250 | D:6      | Reached **** piety under Trog
  6741 | D:6      | Found an ancient bone altar of Kikubaaqudgha.
  6747 | D:6      | Reached skill level 10 in Polearms
  7920 | D:1      | Bought a potion of ambrosia for 104 gold pieces
  7920 | D:1      | Bought a potion of brilliance for 52 gold pieces
  7920 | D:1      | Bought a potion of heal wounds for 65 gold pieces
  7920 | D:1      | Bought a potion of invisibility for 104 gold pieces
  8163 | D:7      | Found a sparkling altar of Nemelex Xobeh.
  8266 | D:8      | Noticed a four-headed hydra
  8275 | D:8      | Reached skill level 5 in Armour
  8281 | D:8      | Killed a four-headed hydra
  8282 | D:8      | Reached XP level 10. HP: 82/82 MP: 10/10
  8457 | D:8      | Noticed a centaur warrior
  8473 | D:8      | Killed a centaur warrior
 10277 | D:9      | Noticed a two-headed ogre
 10292 | D:9      | Killed a two-headed ogre
 10293 | D:9      | Reached XP level 11. HP: 90/90 MP: 11/11
 10570 | D:9      | Noticed Grum
 10605 | D:9      | Killed Grum
 11458 | D:9      | Reached skill level 10 in Fighting
 11621 | D:9      | Found a staircase to the Lair.
 11705 | D:9      | Found a shimmering blue altar of Sif Muna.
 12358 | D:9      | Found a runed translucent door.
 12359 | D:9      | Noticed a manticore
 12376 | D:9      | Killed a manticore
 12680 | D:9      | Noticed a glowing orange brain
 12685 | D:9      | Noticed a stone giant
 12776 | D:9      | Killed a glowing orange brain
 12786 | D:9      | Killed a stone giant
 12863 | Lair:1   | Entered Level 1 of the Lair of Beasts
 13030 | Lair:1   | Found a frozen archway.
 13070 | Lair:1   | Reached ***** piety under Trog
 13151 | IceCv    | Entered an ice cave
 13151 | IceCv    | Noticed a white ugly thing
 13164 | IceCv    | Killed a white ugly thing
 13301 | IceCv    | Found a transporter.
 13316 | IceCv    | Noticed a white ugly thing
 13319 | IceCv    | Found a transporter.
 13335 | IceCv    | Reached XP level 12. HP: 86/100 MP: 12/12
 13509 | Lair:1   | Identified the +4 rapier of Vori {pain, rN+}
 13593 | Lair:1   | Noticed a six-headed hydra
 14494 | Lair:1   | Found a runed translucent door.
 14903 | Lair:1   | Killed a six-headed hydra
 15706 | Lair:1   | Identified the +10 whip of Destruction {venom, Str+4}
 15713 | Lair:1   | Noticed a boulder beetle
 15714 | Lair:1   | Noticed a boulder beetle
 15722 | Lair:1   | Killed a boulder beetle
 16363 | Lair:1   | Killed a boulder beetle
 16364 | Lair:1   | Reached skill level 10 in Armour
 16736 | Lair:2   | Noticed a seven-headed hydra
 16743 | Lair:2   | Killed a seven-headed hydra
 16765 | Lair:2   | Noticed an eight-headed hydra
 16783 | Lair:2   | Killed an eight-headed hydra
 16784 | Lair:2   | Reached skill level 1 in Evocations
 16925 | Lair:2   | Reached skill level 5 in Dodging
 18256 | Lair:3   | Noticed a seven-headed hydra
 18271 | Lair:3   | Killed a seven-headed hydra
 18272 | Lair:3   | Reached XP level 13. HP: 60/107 MP: 13/13
 18451 | Lair:3   | Noticed Urug
 18468 | Lair:3   | Killed Urug
 18816 | Lair:3   | Found a staircase to the Shoals.
 19102 | Lair:3   | Identified the +1 whip "Hellblazer" {drain, Dex+2}
 19494 | Lair:4   | Identified a scroll of acquirement
 19495 | Lair:4   | Acquired a +3 bardiche of flaming
 19938 | Lair:4   | Found a hole to the Spider Nest.
 20036 | Lair:4   | Reached skill level 10 in Stealth
 20040 | Lair:4   | Reached skill level 1 in Shields
 20129 | Lair:4   | Acquired the +1 pair of boots of Oblivion {-Cast rPois rC+
                  | Will++}
 20141 | Lair:4   | Acquired a scarf of repulsion
 21036 | Lair:5   | Found a staircase to the Slime Pits.
 22252 | Lair:6   | Entered Level 6 of the Lair of Beasts
 22649 | Lair:6   | Reached XP level 14. HP: 102/116 MP: 14/14
 22711 | Lair:6   | Reached skill level 15 in Polearms
 22926 | Lair:6   | HP: 5/118 [wolf spider (7)]
 24279 | Lair:6   | Received a gift from Trog
 25149 | Lair:6   | Identified the +11 falchion "Bati" {vorpal, Str+4 Int-5}
 25840 | D:10     | Entered Level 10 of the Dungeon
 25978 | D:10     | Noticed Erica
 25982 | D:10     | Killed Erica
 26443 | D:10     | Reached XP level 15. HP: 125/125 MP: 15/15
 26478 | D:10     | Found a bloodstained altar of Trog.
 26478 | D:10     | Found a broken altar of Ashenzari.
 27073 | D:11     | Acquired 868 gold pieces
 27212 | D:11     | Found a staircase to the Orcish Mines.
 27423 | D:11     | Noticed a tengu reaver
 27428 | D:11     | Killed a tengu reaver
 28234 | D:11     | Identified the Almanac of Creative Ignition
 28722 | D:11     | Noticed a storm dragon
 28732 | D:11     | Killed a storm dragon
 29363 | D:12     | Found the +6 shillelagh "Devastator" {shatter}
 29552 | D:12     | Found a gate leading to a gauntlet.
 29594 | Gauntlet | Entered a Gauntlet
 29594 | Gauntlet | Found a transporter.
 29594 | Gauntlet | Found a transporter.
 29598 | Gauntlet | Found a transporter.
 29598 | Gauntlet | Found a transporter.
 29609 | Gauntlet | Found a transporter.
 29618 | Gauntlet | Found a transporter.
 29628 | Gauntlet | Found a transporter.
 29628 | Gauntlet | Found a transporter.
 29631 | Gauntlet | Found a transporter.
 29656 | Gauntlet | Found a transporter.
 29663 | Gauntlet | Found a transporter.
 29681 | Gauntlet | Found a transporter.
 29726 | Gauntlet | Found a transporter.
 29742 | Gauntlet | Found a transporter.
 29844 | Gauntlet | Found a transporter.
 29862 | Gauntlet | Found a transporter.
 30530 | Gauntlet | Received a gift from Trog
 30791 | Lair:3   | Identified the +6 short sword of Tupyphy {freeze, *Rage
                  | *Corrode Fly Will+++}
 30794 | Lair:3   | Identified the +3 chain mail of Wuakoitiju {rElec}
 30926 | Orc:1    | Entered Level 1 of the Orcish Mines
 31117 | Orc:1    | Noticed Maurice
 31127 | Orc:1    | Killed Maurice
 31397 | Orc:2    | Entered Level 2 of the Orcish Mines
 31398 | Orc:2    | Noticed an orc warlord
 31454 | Orc:2    | Noticed Erolcha
 31481 | Orc:2    | Killed Erolcha
 31650 | Orc:2    | Noticed Jorgrun
 31669 | Orc:2    | Killed Jorgrun
 31827 | Orc:2    | Received a gift from Trog
 31852 | Orc:2    | Killed an orc warlord
 31905 | Orc:2    | Reached XP level 16. HP: 71/134 MP: 16/16
 32132 | Orc:2    | Found Ofroseub's Antique Weapon Boutique.
 32343 | Orc:2    | Found a staircase to the Elven Halls.
 32708 | Orc:2    | Identified the +10 spear "Plog" {vorpal, Fly} (Trog gifted
                  | it to you on level 2 of the Orcish Mines)
 32708 | Orc:2    | Received a gift from Trog
 32790 | Orc:2    | Reached skill level 15 in Fighting
 33011 | Orc:2    | Found Yleiwati's Antique Weapon Emporium.
 33012 | Orc:2    | Found Jeshruaps's Antique Armour Shoppe.
 33019 | Orc:2    | Bought a bloodstained glaive for 310 gold pieces
 33019 | Orc:2    | Identified the +5 glaive of Zarit {vorpal, Contam rN+++
                  | rCorr Int+6 Stlth-} (You bought it in a shop on level 2 of
                  | the Orcish Mines)
 33025 | Orc:2    | Bought a shiny helmet for 187 gold pieces
 33347 | Orc:2    | Found Yxaom's Magic Scroll Shoppe.
 33373 | Orc:2    | Bought a scroll of identify for 24 gold pieces
 33373 | Orc:2    | Bought a scroll of brand weapon for 240 gold pieces
 33373 | Orc:2    | Bought a scroll of fear for 42 gold pieces
 33373 | Orc:2    | Bought a scroll of identify for 24 gold pieces
 33373 | Orc:2    | Bought a scroll of teleportation for 36 gold pieces
 33373 | Orc:2    | Bought a scroll of teleportation for 36 gold pieces
 33457 | Orc:1    | Found Ejuyt's Assorted Antiques.
 33465 | Orc:1    | Bought a scroll of blinking for 210 gold pieces
 33465 | Orc:1    | Bought a scroll of teleportation for 84 gold pieces
 33465 | Orc:1    | Bought a scroll labelled ZUTSISKEYL for 28 gold pieces
 33465 | Orc:1    | Bought a silver wand for 112 gold pieces
 34427 | D:13     | Found an ornate altar of the Wu Jian Council.
 34698 | D:14     | Found a gate to the Vaults.
 35520 | D:15     | Entered Level 15 of the Dungeon
 35561 | D:15     | Received a gift from Trog
 37168 | D:15     | Found a staircase to the Depths.
 37567 | Shoals:1 | Entered Level 1 of the Shoals
 37770 | Shoals:1 | Reached XP level 17. HP: 131/144 MP: 17/17
 38302 | Shoals:1 | Acquired 857 gold pieces
 38304 | Shoals:1 | Acquired a manual of Fighting
 38424 | Shoals:2 | Noticed Kirke
 38488 | Shoals:2 | Identified the +0 chain mail of Repulsion {Regen+ Str+5}
 38740 | Shoals:2 | Killed Kirke
 38740 | Shoals:2 | Received a gift from Trog
 38800 | Shoals:2 | Found Lofy's Jewellery Shoppe.
 39327 | Shoals:2 | Noticed Polyphemus
 39343 | Shoals:2 | Killed Polyphemus
 39771 | Shoals:2 | Reached skill level 5 in Shields
 40178 | Shoals:2 | Noticed a kraken
 41523 | Shoals:3 | Found a runed translucent door.
 41985 | Shoals:3 | Identified the +4 ring mail "Niokhlear" {Int+2}
 42421 | Shoals:3 | Noticed Sobieck's ghost (veteran DjCj)
 42439 | Shoals:3 | Killed Sobieck's ghost
 42582 | Shoals:4 | Entered Level 4 of the Shoals
 43749 | Shoals:4 | Got a barnacled rune of Zot
 43934 | Shoals:4 | Found the +3 hat of Pondering {ponderous, Will+ MP+10
                  | Int+5}
 44348 | Shoals:4 | Reached XP level 18. HP: 148/158 MP: 18/18
 44565 | Shoals:4 | Received a gift from Trog
 44653 | Shoals:4 | Noticed Ilsuiw
 44703 | Shoals:4 | Killed Ilsuiw
 45641 | Shoals:4 | Identified the +11 quarterstaff of the Eternal Warrior
                  | {holy, rPois rF++}
 46024 | Spider:1 | Entered Level 1 of the Spider Nest
 46024 | Spider:1 | Noticed Frances
 46025 | Spider:1 | Killed Frances
 46833 | Spider:1 | Noticed Aizul
 46844 | Spider:1 | Killed Aizul
 47441 | Spider:1 | Received a gift from Trog
 48060 | Spider:1 | Found a runed translucent gate.
 48060 | Spider:1 | Found a runed translucent gate.
 48060 | Spider:1 | Found a runed translucent gate.
 48061 | Spider:1 | Noticed Cactuslol's ghost (journeyman HOFi)
 48258 | Spider:1 | Killed Cactuslol's ghost
 49055 | Spider:2 | Reached skill level 15 in Stealth
 49833 | Spider:3 | Received a gift from Trog
 50374 | Spider:3 | Reached XP level 19. HP: 170/170 MP: 19/19
 51915 | Spider:4 | Entered Level 4 of the Spider Nest
 52286 | Spider:4 | Identified the +11 halberd "Buoxuo" {vorpal, Dex+7} (Trog
                  | gifted it to you on level 4 of the Spider Nest)
 52286 | Spider:4 | Received a gift from Trog
 54349 | Spider:4 | Got a gossamer rune of Zot
 54733 | Elf:1    | Entered Level 1 of the Elven Halls
 55821 | Elf:1    | Found an ancient bone altar of Kikubaaqudgha.
 55899 | Elf:1    | Noticed Roxanne
 55912 | Elf:1    | Killed Roxanne
 55967 | Elf:1    | Noticed Agnes
 55977 | Elf:1    | Killed Agnes
 56104 | Elf:1    | Found Jeruomm's Jewellery Boutique.
 56105 | Elf:1    | Found Irymeu's Book Emporium.
 56108 | Elf:1    | Found Rilam's Jewellery Boutique.
 56123 | Elf:1    | Bought the brooch of Shielding {Spirit SH+8} for 1069 gold
                  | pieces
 56123 | Elf:1    | Found the brooch of Shielding {Spirit SH+8}
 56256 | Elf:1    | Found the +7 lajatang of Order {silver, rMut}
 56304 | Elf:1    | Found a radiant altar of Vehumet.
 56305 | Elf:1    | Found a shimmering blue altar of Sif Muna.
 56305 | Elf:1    | Found a shimmering blue altar of Sif Muna.
 56305 | Elf:1    | Found an ancient bone altar of Kikubaaqudgha.
 56745 | Elf:2    | Received a gift from Trog
 56785 | Elf:2    | Found a runed translucent gate.
 56786 | Elf:2    | Found a runed translucent gate.
 56787 | Elf:2    | Found a runed translucent gate.
 56812 | Elf:2    | Noticed Nikola
 56828 | Elf:2    | Killed Nikola
 56831 | Elf:2    | Reached XP level 20. HP: 166/180 MP: 20/20
 57635 | Elf:2    | Reached skill level 15 in Armour
 58482 | Elf:3    | Entered Level 3 of the Elven Halls
 58494 | Elf:3    | Received a gift from Trog
 59072 | Elf:3    | Identified the +1 chain mail of Gyn Yxus {*Corrode Int+2
                  | Dex+2}
 59118 | Elf:3    | Found Veehuhan's Jewellery Shop.
 59772 | Elf:3    | Identified the +4 broad axe "Elec" {holy, Will+ Str-5
                  | Int+5}
 59772 | Elf:3    | Identified the +10 trident "Merfolk's Bane" {freeze, rF+}
 59772 | Elf:3    | Identified the ring "Wuciuqec" {Wiz Int+8}
 60508 | Elf:3    | Identified the +6 war axe of the Vendetta {pain, Will+}
 60519 | Elf:3    | Identified the ring "Teesoh Caewn" {rPois rF+ rC+ Str-3
                  | Stlth+}
 60686 | Elf:3    | Identified the +10 hand axe "Xeqidix" {vorpal, *Noise
                  | Str+3}
 60778 | Elf:3    | Identified the Reference Book on the Evil Snowflakes
 60784 | Elf:3    | Identified the +0 cloak of Wariness {Rampage rElec}
 60793 | Elf:3    | Identified the +9 plate armour of Nuimues {MP+9 Int+4}
 61723 | Vaults:1 | Entered Level 1 of the Vaults
 62054 | Vaults:1 | Reached XP level 21. HP: 189/189 MP: 21/21
 62234 | Vaults:1 | Acquired 1171 gold pieces
 64189 | Vaults:2 | Identified the +6 trident of Watchfulness {vorpal, rF-
                  | Will+ Str+9 Dex-5} (Trog gifted it to you on level 2 of the
                  | Vaults)
 64189 | Vaults:2 | Received a gift from Trog
 65814 | Vaults:2 | Found a staircase to the Crypt.
 66024 | Vaults:2 | Found Gezuh's Weapon Shop.
 66190 | Vaults:2 | Received a gift from Trog
 66590 | Vaults:3 | HP: 8/192 [deep troll[an ironbound preserver] (10)]
 66591 | Vaults:3 | HP: 3/192 [deep troll[an ironbound preserver] (8)]
 66594 | Vaults:3 | Slain by a vault warden

Illustrated notes

Levels and vault maps discovered:
D:1:      lightli_arrival_farm, layout_rooms, serial_shops, shop,
          nicolae_shop_stone, shapermc_ecumenical_altar_venn
D:2:      layout_loops_ring, basic_altar, amethyst_killhole, uniq_sigmund
D:3:      layout_basic, lemuel_doored_altar, serial_shops, shop_statue,
          lightli_sewer_entry_pipes
D:4:      layout_gridville, minmay_temple_entry_statues_pillars,
          ebering_ghost_reflecting_pool
D:5:      layout_basic, marbit_many_paths
D:6:      layout_rooms, kennysheep_vampire_church
D:7:      layout_gridville, nemelex_diamond_rough_becter
D:8:      cheibrodos_fzero, layout_layer_cave, nicolae_two_hexagons,
          chequers_arboretum, kennysheep_generic_room_7
D:9:      layout_stronghold, overflow_temple_1_default,
          due_lair_maze_entry_diamond, minivault_13, uniq_grum
D:10:     kennysheep_spiral_hall, layout_loops_cross,
          chequers_temple_overflow_statue_of_worship, uniq_erica
D:11:     minmay_box_of_curves, layout_cave_pools, orc_0_dummy
D:12:     layout_long_grid, gauntlet_entry_generic
D:13:     layout_gridville, nicolae_wu_jian_immortal_techniques
D:14:     layout_stronghold, erik_vaults_1, nicolae_twisting_strands
D:15:     hangedman_depths_entry_try_elsewhere_first, layout_basic,
          lemuel_freeze_loot_1
Lair:1:   gammafunk_indiana_jones, layout_gridlike, portal_ice_cave_entry_imps,
          chequers_serial_rivers_small_3
Lair:2:   layout_loops_ring, st_stairs_10, lemuel_fruit_fields
Lair:3:   layout_misc_corridors, shoals_dummy_entry,
          infiniplex_staircase_pool_2, minmay_lair_oklob_chamber, uniq_urug
Lair:4:   layout_roguey, dummy_spider_entry, grunt_megastairs_1,
          lemuel_fruit_tree, lemuel_fruit_fields, infiniplex_staircase_pool,
          lemuel_fruit_fields
Lair:5:   layout_cave_pods, slime_dummy, serial_forest,
          infiniplex_forest_clump_double, infiniplex_forest_straight_1,
          infiniplex_forest_clump_curved, infiniplex_forest_pool,
          infiniplex_forest_clump_diagonal, infiniplex_forest_straight_1,
          infiniplex_forest_lined_3_way
Lair:6:   hangedman_lair_tendril_chambers, layout_long_grid,
          guppyfry_lair_end_dragon, st_stairs_3
Shoals:1: layout_shoals
Shoals:2: cheibrodos_shoals_satyrical_garden, layout_shoals,
          nicolae_shoals_c_island, uniq_polyphemus, uniq_kirke
Shoals:3: layout_shoals, ebering_ghost_reflecting_pool
Shoals:4: shoals_end_grunt_ice, layout_shoals, shoals_ilsuiw_ice,
          nzn_prometheus_bound
Spider:1: layout_chambers, gammafunk_ghost_necromancy,
          nicolae_spider_webs_and_nodes, uniq_frances, uniq_aizul
Spider:2: layout_spider_delve
Spider:3: layout_chambers, nicolae_spider_jagged_tunnels
Spider:4: guppyfry_spider_rune
Orc:1:    layout_diamond_mine, serial_shops, shop_fountains, uniq_maurice
Orc:2:    grunt_orc_community_town_hall, layout_caves,
          grunt_orc_community_big_house_1, grunt_orc_community_big_house_1,
          grunt_orc_community_house_1, grunt_orc_community_house_2,
          grunt_orc_community_house_2, grunt_orc_community_house_1,
          grunt_orc_community_house_2, grunt_orc_community_house_3, basic_altar,
          mines5_lemuel, uniq_jorgrun, uniq_erolcha
Elf:1:    minmay_the_grid_octo_tiled_octocenter_mashed
          [minmay_the_grid_octo_shrine, minmay_the_grid_octo_thin_diamonds,
          minmay_the_grid_octo_vomiting_pacman, minmay_the_grid_octo_empty,
          minmay_the_grid_octo_prize_big_c, minmay_the_grid_square_5x5_minimal,
          minmay_the_grid_square_5x5_gyroscope,
          minmay_the_grid_square_5x5_two_walls_b,
          minmay_the_grid_square_5x5_spiral_small], layout_geoelf_grid,
          basic_altar, kennysheep_underground_church, hex_tiny,
          minmay_shop_grove, uniq_roxanne, uniq_agnes
Elf:2:    layout_onion_city, minmay_checkered_concentric_circles, uniq_nikola
Elf:3:    minmay_elf_hall_curves, layout_geoelf_octagon, minmay_shop_star
Vaults:1: ontoclasm_vaults_twist, v_alt_pattern_1, serial_ice_m,
          hangedman_vaults_nodes, nicolae_vaults_little_squares_5, st_cells,
          v_misc_25, v_misc_9, grunt_vaults_funnel, dpeg_vaults_monster_box,
          nicolae_vaults_sealed_display, layout_vaults_omnicross
Vaults:2: nicolae_vaults_border_crossing, vaults_room_door_hall, v_misc_9,
          vaults_mumra_lcd, minmay_crypt_entry_simple_walls, v_misc_11,
          nicolae_vaults_little_squares_5, vaults_room_large_hall,
          vaults_room_fancy_cross, v_rooms_2, layout_vaults_maze_snakey,
          serial_shops, shop
Vaults:3: v_pattern_3, v_misc_9, grunt_vaults_bifocal,
          nicolae_vaults_little_squares_2, v_misc_28, vaults_room_fancy_cross,
          hangedman_vaults_stream, grunt_vaults_focal, v_misc_33,
          vaults_room_semicircle, vaults_room_hallway, layout_vaults_big_room,
          uniq_asterion

Skill      XL: |  1  2  3  4  5  6  7  8  9 10 11 12 13 14 15 16 17 18 19 20 21 |
---------------+----------------------------------------------------------------+-----
Stealth        | 1 2 3 4 5 6 7 8 9 10 11 12 13 14 15 16 17 | 17.1
Fighting       | 4 5 6 7 8 9 11 12 13 14 15 18 20 21 22 23 | 23.2
Polearms       | 5 6 7 9 11 12 13 14 16 18 20 21 22 23 | 23.2
Dodging        | 3 4 5 6 7 8 |  8.5
Armour         | 2 3 4 5 7 9 10 11 12 13 14 15 | 15.8
Evocations     | 1 2 |  2.0
Shields        | 2 3 4 5 6 7 8 |  8.7

Action                   |  1- 3 |  4- 6 |  7- 9 | 10-12 | 13-15 | 16-18 | 19-21 || total
-------------------------+-------+-------+-------+-------+-------+-------+-------++-------
Melee: Spear             |    76 |   191 |   308 |   896 |    95 |       |       ||  1566
       Tailslap          |       |     2 |       |     4 |     1 |    37 |       ||    44
       Trident           |       |       |   147 |       |       |       |       ||   147
       Bardiche          |       |       |       |       |   942 |   235 |       ||  1177
       Glaive            |       |       |       |       |       |  1400 |  1470 ||  2870
Invok: Berserk           |     4 |     6 |     9 |    27 |    25 |    18 |    25 ||   114
       Trog's Hand       |       |       |     1 |     4 |     6 |     1 |     9 ||    21
       Brothers in Arms  |       |       |       |     6 |     5 |     1 |    15 ||    27
Evoke: Wand              |       |       |       |    23 |       |       |    13 ||    36
       Phantom mirror    |       |       |       |       |       |       |     1 ||     1
  Use: Scroll            |     4 |     3 |     2 |     9 |    11 |    10 |    13 ||    52
       Potion            |       |       |     2 |     6 |     5 |     1 |    12 ||    26
 Stab: Sleeping          |     1 |    12 |       |       |       |    14 |    26 ||    53
       Invisible         |       |       |       |     6 |    11 |       |       ||    17
       Confused          |       |       |       |       |     1 |       |       ||     1
       Distracted        |       |       |       |       |     4 |     7 |     5 ||    16
Armor: Animal skin       |     8 |    10 |       |       |       |       |       ||    18
       Chain mail        |       |       |    43 |       |       |       |       ||    43
       Plate armour      |       |       |   186 |   367 |   438 |       |       ||   991
       Storm dragon scal |       |       |       |       |   155 |   666 |   790 ||  1611
Dodge: Dodged            |    31 |   114 |   139 |   272 |   743 |   953 |   805 ||  3057
       Repelled          |       |       |       |       |    10 |    11 |    26 ||    47
Block: Other             |       |       |       |    14 |   258 |   304 |   455 ||  1031
       Reflection        |       |       |       |       |     9 |    16 |     1 ||    26

Table legend: (Time is in decaauts)
 A = Elapsed time spent in this place.
 B = Non-inter-level travel time spent in this place.
 C = Inter-level travel time spent in this place.
 D = Time resting spent in this place.
 E = Time spent auto-exploring this place.
 F = Levels seen in this place.
 G = Mean time per level.
                   A        B        C        D        E       F      G
               +--------+--------+--------+--------+--------+-----+--------+
         Total |  65646 |  62589 |   3057 |  16651 |  35862 |  40 | 1641.2 |
       Dungeon |  20539 |  19165 |   1374 |   3319 |  13156 |  15 | 1369.3 |
          Lair |  13325 |  12691 |    634 |   4507 |   6026 |   6 | 2220.8 |
        Shoals |   7904 |   7606 |    298 |   2721 |   3984 |   4 | 1976.0 |
   Spider Nest |   8067 |   7851 |    216 |   2129 |   4468 |   4 | 2016.8 |
  Orcish Mines |   2842 |   2611 |    231 |    564 |   1332 |   2 | 1421.0 |
   Elven Halls |   6301 |   6113 |    188 |   1587 |   3362 |   3 | 2100.3 |
        Vaults |   4947 |   4835 |    112 |   1190 |   2863 |   3 | 1649.0 |
         Sewer |    338 |    338 |      0 |     76 |    197 |   1 |  338.0 |
      Ice Cave |    349 |    349 |      0 |    126 |    144 |   1 |  349.0 |
      Gauntlet |   1031 |   1031 |      0 |    431 |    327 |   1 | 1031.0 |
               +--------+--------+--------+--------+--------+-----+--------+

Top non-repeatable levels by time:
  Lair:1: 3579 daAuts
  Lair:6: 3317 daAuts
Spider:3: 3205 daAuts
     D:9: 2895 daAuts
    D:11: 2490 daAuts
Vaults:1: 2448 daAuts
   Elf:2: 2428 daAuts
Vaults:2: 2415 daAuts
   Elf:1: 2340 daAuts
Shoals:3: 2319 daAuts
Shoals:4: 2254 daAuts
Spider:1: 2210 daAuts
   Orc:2: 1940 daAuts
  Lair:5: 1882 daAuts
    D:15: 1863 daAuts
